 Seeded DCSS version 0.30.0 (webtiles) character file.

Game seed: 7229806256980976716 (custom seed)

24 bananamous the Chopper (level 2, 27/27 HPs)
             Began as a Draconian Berserker on July 10, 2023.
             Was a Follower of Trog.
             Got out of the dungeon alive.
             The game lasted 00:01:58 (807 turns).

bananamous the Chopper (Draconian Berserker)         Turns: 807, Time: 00:01:59

Health: 27/27      AC:  4    Str: 19    XL:     2   Next: 79%
Magic:  2/2        EV: 12    Int:  7    God:    Trog [*.....]
Gold:   50         SH:  0    Dex: 10    Spells: 1/1 levels left

rFire   . . .        a - +0 hand axe
rCold   . . .        (no shield)
rNeg    . . .        (body armour unavailable)
rPois   .            (helmet restricted)
rElec   .            (no cloak)
rCorr   .            (no gloves)
SInv    .            (no boots)
Will    .....        (no amulet)
Stlth   +            (no ring)
HPRegen 0.24/turn    (no ring)
MPRegen 0.08/turn

%: no passive effects
@: no status effects
A: AC +4, unfitting armour, cold-blooded
a: Renounce Religion, Berserk


You escaped.
You worshipped Trog.
Trog was aware of your devotion.
You visited 1 branch of the dungeon, and saw 1 of its levels.

You collected 50 gold pieces.

Inventory:

Hand Weapons
 a - a +0 hand axe (weapon)
Missiles
 b - a throwing net (quivered)
Scrolls
 c - 2 scrolls of amnesia {unknown}
 d - a scroll of blinking {unknown}
 f - 2 scrolls of identify {unknown}
 g - a scroll of enchant armour {unknown}
 i - a scroll of teleportation {unknown}
 j - a scroll of acquirement
Potions
 e - a potion of mutation {unknown}
 h - a potion of might {unknown}


   Skills:
 + Level 3.7 Fighting
 * Level 3.7 Axes
 - Level 2.7 Dodging


You had one spell level left.
You didn't know any spells.
Your spell library was empty.

Dungeon Overview and Level Annotations

Branches:
Dungeon (1/15)

Altars:


Innate Abilities, Weirdness & Mutations

Your plain brown scales are hard. (AC +4)
You cannot fit into any form of body armour.
You are cold-blooded and may be slowed by cold attacks.


Message History

You kill the giant cockroach!
Trog accepts your kill. The jackal misses you.
Things that are here:
a +0 dagger; a goblin corpse; a ball python corpse Unknown command.
You hit the jackal. You tail-slap the jackal.
The jackal is severely wounded.
The jackal misses you. The jackal barely misses you.
You hit the jackal.
You kill the jackal!
Trog accepts your kill.
No target in view!
No target in view!
You now have 50 gold pieces (gained 13).
Found a whip.
Found 3 stones.
i - a scroll labelled WUBBUN RUOS
Okay, then.
You see here 3 stones.
j - 3 scrolls labelled RAGIOR NADERHA You see here 3 stones.
Done exploring.
Done exploring.
Search for what [? for help]?
Okay, then.
There are no items here.
Okay, then.
This is a scroll of acquirement!
Something appears at your feet!
You see here a manual of Fighting.
Something appears at your feet!
(D) Dungeon
Where to? (? - help)
What level of the Dungeon? (default 1, ? - help)
You see here 3 stones.
You open the door.
There is an open door here.
There is a staircase leading out of the dungeon here.
Are you sure you want to leave the Dungeon?
This will make you lose the game!
You have escaped!

#..# #..# #.# #####.# #.## ###.#
..# #.# ######.#####...# #.# #.#
#..............# #.# #.#
#..##+#'#'##...# #.#
#.########.#.#.###..# #.#
#......##⌠.P.P.⌠##.##
#.###..######.......###.##
#......### ##...@...####.##
#.##.....# ###########..#.#
#.##.###.####♣..>..♣###..##
#....# #...##.......###.##
..##.###.####♣.⌠_⌠.♣##..#########
####.....# #####⌠#####...........
.......### ############.########
######## #.# ######### #.#


There were no monsters in sight!

Vanquished Creatures
  2 ball pythons (D:1)
  3 bats (D:1)
  2 giant cockroaches (D:1)
  A goblin (D:1)
  2 hobgoblins (D:1)
  6 jackals (D:1)
  2 quokkas (D:1)
  A frilled lizard (D:1)
19 creatures vanquished.

Notes
Turn   | Place    | Note
-------+----------+-------------------------------------------
     0 | D:1      | bananamous the Draconian Berserker began the quest for the
                  | Orb.
     0 | D:1      | Reached XP level 1. HP: 19/19 MP: 1/1
   332 | D:1      | Reached XP level 2. HP: 23/26 MP: 2/2
   737 | D:1      | Identified 3 scrolls of acquirement
   737 | D:1      | Acquired 911 gold pieces
   738 | D:1      | Acquired a manual of Fighting
   807 | D:$      | Got out of the dungeon alive.

Illustrated notes

Levels and vault maps discovered:
D:1:      spicycebolla_arrival_ecumenical, layout_loops_ring

Action                     || total
---------------------------++-------
  Melee: Hand axe          ||    46
         Tailslap          ||     7
    Use: Scroll            ||     2
 Armour: Skin              ||    29
  Dodge: Dodged            ||    56
